 Seeded DCSS version 0.29-a0-872-g797fff5ad1 (webtiles) character file.

Game seed: 8897551386731462229 (custom seed)

4554 wilfster70 the Skirmisher (level 10, -4/60 HPs)
             Began as a Kobold Arcane Marksman on July 18, 2022.
             Was a Follower of Dithmenos.
             Slain by an orc warrior
             ... wielding a +0 war axe
              (13 damage)
             ... in a bailey.
             The game lasted 00:22:27 (8767 turns).

wilfster70 the Skirmisher (Kobold Arcane Marksman)  Turns: 8767, Time: 00:22:28

Health: -4/60      AC:  8    Str:  5    XL:     10   Next: 67%
Magic:  19/19      EV: 15    Int: 21    God:    Dithmenos [*.....]
Gold:   493        SH:  0    Dex: 18    Spells: 17/21 levels left

rFire   + . .      SeeInvis .   b - +5 arbalest of Huschij {flame, rF+ rN+ Str-2 Int+4}
rCold   . . .      Faith    .   (shield currently unavailable)
rNeg    + . .      Spirit   .   c - +0 robe
rPois   .          Reflect  .   (no helmet)
rElec   .          Harm     .   L - +0 cloak
rCorr   .          Rampage  .   e - +0 pair of gloves
Will    .....                   (no boots)
Stlth   +++.......              m - amulet of the acrobat
HPRegen 0.20/turn               p - +4 ring of protection
MPRegen 0.16/turn               (no ring)

@: wreathed by umbra
A: small, no large weapons, nightstalker 3
a: Renounce Religion


You were in a bailey.
You worshipped Dithmenos.
Dithmenos was aware of your devotion.
You visited 2 branches of the dungeon, and saw 9 of its levels.
You also visited: Ossuary and Bailey.

You collected 493 gold pieces.

Inventory:

Hand Weapons
 b - the +5 arbalest of Huschij (weapon) {flame, rF+ rN+ Str-2 Int+4}
   (You acquired it on level 1 of the Dungeon)

   Any ammunition fired from it burns those it strikes, dealing additional fire
   damage.
   Str:       It affects your strength (-2).
   Int:       It affects your intelligence (+4).
   rF:        It protects you from fire.
   rN:        It protects you from negative energy.
 A - a +0 sling
 E - a +2 broad axe of electrocution
Armour
 c - a +0 robe (worn)
 e - a +0 pair of gloves (worn)
 L - a +0 cloak (worn)
Jewellery
 f - the amulet of Essacweo {Spirit rPois Dex+2}
   (You acquired it on level 1 of the Dungeon)

   [amulet of guardian spirit]

   It causes incoming damage to be divided between your reserves of health and
   magic.
   Dex:       It affects your dexterity (+2).
   rPois:     It protects you from poison.
 m - an amulet of the acrobat (around neck)
 p - a +4 ring of protection (left hand)
Wands
 u - a wand of charming (10)
 v - a wand of roots (2)
 x - a wand of light (10)
 y - a wand of flame (17)
 F - a wand of digging (5)
 H - a wand of mindburst (11)
Scrolls
 a - a scroll of torment {unknown}
 g - 2 scrolls of vulnerability
 h - 3 scrolls of poison
 i - 2 scrolls of enchant armour {unknown}
 j - 3 scrolls of magic mapping {unknown}
 k - 4 scrolls of blinking
 l - 3 scrolls of amnesia {unknown}
 n - 6 scrolls of teleportation
 o - a scroll of enchant weapon {unknown}
 s - a scroll of brand weapon {unknown}
 t - a scroll of fog {unknown}
 w - a scroll of silence {unknown}
 I - a scroll of immolation {unknown}
 J - a scroll of fear {unknown}
Potions
 d - 9 potions of curing
 q - 3 potions of mutation
 r - 2 potions of flight {unknown}
 z - 4 potions of resistance {unknown}
 B - a potion of heal wounds {unknown}
 C - a potion of brilliance {unknown}
 D - a potion of invisibility {unknown}
 G - a potion of lignification {unknown}
 K - 3 potions of haste {unknown}
 M - a potion of attraction {unknown}
 N - a potion of magic {unknown}


   Skills:
 - Level 5.8 Fighting
 + Level 12.8 Ranged Weapons
 - Level 2.4 Dodging
 - Level 6.0 Spellcasting
 - Level 6.0 Hexes
 - Level 6.0 Translocations


You had 17 spell levels left.
You knew the following spells:

 Your Spells              Type           Power      Damage    Failure   Level
a - Slow                  Hex            100%       N/A       1%          1
b - Portal Projectile     Hex/Tloc       62%        N/A       2%          3

Your spell library contained the following spells:

 Spells                   Type           Power      Damage    Failure   Level
 Apportation              Tloc           62%        N/A       1%          1
 Ensorcelled Hibernation  Hex/Ice        36%        N/A       4%          2
 Inner Flame              Hex/Fire       18%        N/A       9%          3
 Cause Fear               Hex            15%        N/A       9%          4
 Necrotise                Necr           24%        1d5       10%         1
 Summon Small Mammal      Summ           24%        N/A       10%         1
 Passwall                 Tmut/Erth      5%         N/A       14%         2
 Swiftness                Air            6%         N/A       28%         3


Dungeon Overview and Level Annotations

Branches:
Dungeon (8/15)             Temple (1/1) D:7         Ossuary (visited)
 Bailey (1/1)
   Lair: D:8-11

Altars:
Ashenzari
Cheibriados
Dithmenos
Elyvilon
Fedhas
Gozag
Hepliaklqana
Kikubaaqudgha
Makhleb
Nemelex Xobeh
Okawaru
Qazlal
Ru
Sif Muna
Trog
Uskayaw
Wu Jian
Xom
Yredelemnul
Zin
The Shining One

Annotations:
D:4 2 transporters, rigao's ghost, novice DsNe
D:7 MoonlitKnight's ghost, novice MfGl


Innate Abilities, Weirdness & Mutations

You are small and have problems with some larger weapons.
You are completely attuned to the shadows.


Message History

The orc warrior barely misses you.
You shoot a bolt.
The bolt completely misses the orc warrior.
The gnoll closely misses you.
The orc warrior hits you with a +0 war axe!
The gnoll hits you with a +0 war axe. The orc warrior misses you.
You are too injured to fight recklessly!
You are too injured to fight recklessly!
You are too injured to fight recklessly!
Unknown command.
Fire: b) +5 arbalest of Huschij {flame, rF+ rN+ Str-2 Int+4}
Press: ? - help, Q - select action, (/) - cycle Shift-Dir - straight line, f/p - orc warrior
Aim: an orc warrior, wielding a +0 war axe and wearing a +0 chain mail (67% to hit)
You shoot a bolt. The bolt hits the gnoll!
The bolt burns the gnoll.
The gnoll is severely wounded.
The gnoll closely misses you.
Fire: b) +5 arbalest of Huschij {flame, rF+ rN+ Str-2 Int+4}
Press: ? - help, Q - select action, (/) - cycle Shift-Dir - straight line, f/p - orc warrior
Aim: an orc warrior, wielding a +0 war axe and wearing a +0 chain mail (67% to hit)
You shoot a bolt. The bolt hits the gnoll!!
The bolt burns the gnoll.
You kill the gnoll!
Dithmenos accepts your kill.
Fire: b) +5 arbalest of Huschij {flame, rF+ rN+ Str-2 Int+4}
Press: ? - help, Q - select action, (/) - cycle Shift-Dir - straight line, f/p - orc warrior
Aim: an orc warrior, wielding a +0 war axe and wearing a +0 chain mail (67% to hit)
You shoot a bolt. The bolt hits the orc warrior!
The bolt burns the orc warrior.
The orc warrior is heavily wounded.
The orc warrior hits you with a +0 war axe!
* * * LOW HITPOINT WARNING * * *
The orc warrior hits you with a +0 war axe!
* * * LOW HITPOINT WARNING * * *
Fire: b) +5 arbalest of Huschij {flame, rF+ rN+ Str-2 Int+4}
Press: ? - help, Q - select action, (/) - cycle Shift-Dir - straight line, f/p - orc warrior
Aim: an orc warrior, wielding a +0 war axe and wearing a +0 chain mail (heavily wounded, 67% to hit)
You shoot a bolt.
The bolt hits the orc warrior but does no damage.
The orc warrior is heavily wounded.
The orc warrior hits you with a +0 war axe!
You die...

#).#.≈≈≈≈
#)##.≈≈≈≈
#).#.≈≈≈≈
#8.#.≈≈≈≈
#..#.≈≈≈≈
####8.#.≈≈≈≈
#.....#.≈≈≈≈
#.....#..)8.#.≈≈≈≈
#.....#.....#@≈≈≈≈
#..⌠..#..####o#≈≈≈
+.....'..#..).#≈≈≈
+.....'..#....# ≈≈
###))'#####..###
......... #..
≈≈≈...≈≈≈
≈≈≈...≈≈≈
≈≈≈...≈≈≈


You could see an orc warrior.

Vanquished Creatures
  Amaemon (D:8)
  Pikel (D:4)
  An orange demon (D:8)
  Menkaure (D:7)
  5 orc warriors (Bailey)
  A sky beast (D:7)
  3 ice beasts (D:6)
  2 black bears
  2 ogres
  A phantom (D:6)
  A centaur (D:6)
  2 lemures
  An elf zombie (Ossuary)
  Blork the orc (D:5)
  3 kobold brigands
  A bullfrog (D:7)
  2 scorpions
  A necrophage (D:7)
  5 wights
  3 centaur zombies (Ossuary)
  4 orc priests
  3 hounds
  Crazy Yiuf (D:6)
  2 human zombies (Ossuary)
  2 iguanas
  4 orc wizards
  2 killer bee zombies (D:7)
  2 mummies (Ossuary)
  9 gnolls
  11 adders
  A shadow imp (D:7)
  2 white imps (D:5)
  An adder zombie (Ossuary)
  3 worms
  2 dart slugs
  39 orcs
  8 ball pythons
  4 bats
  10 endoplasms
  4 giant cockroaches
  7 goblins
  9 hobgoblins
  4 jackals (D:1)
  25 kobolds
  7 frilled lizards
  3 goblin zombies (Ossuary)
  7 hobgoblin zombies (Ossuary)
  8 kobold zombies (Ossuary)
  10 orc zombies (Ossuary)
  A rat (D:3)
  A rat zombie (Ossuary)
234 creatures vanquished.

Notes
Turn   | Place    | Note
-------+----------+-------------------------------------------
     0 | D:1      | wilfster70 the Kobold Arcane Marksman began the quest for
                  | the Orb.
     0 | D:1      | Reached XP level 1. HP: 12/12 MP: 2/2
   103 | D:1      | Reached skill level 3 in Ranged Weapons
   131 | D:1      | Reached XP level 2. HP: 16/16 MP: 3/3
   423 | D:1      | Identified a scroll of acquirement
   423 | D:1      | Acquired the amulet of Essacweo {Spirit rPois Dex+2}
   538 | D:1      | Reached XP level 3. HP: 21/21 MP: 4/4
   611 | D:1      | Acquired the +5 arbalest of Huschij {flame, rF+ rN+ Str-2
                  | Int+4}
   862 | D:2      | Reached skill level 4 in Ranged Weapons
   905 | D:2      | Found a faded altar of an unknown god.
  1168 | D:2      | Reached XP level 4. HP: 13/27 MP: 3/5
  1335 | D:2      | Reached skill level 5 in Ranged Weapons
  1952 | D:3      | Reached XP level 5. HP: 32/32 MP: 6/6
  2095 | D:3      | Reached skill level 6 in Ranged Weapons
  2308 | D:3      | Reached XP level 6. HP: 36/37 MP: 5/7
  2380 | D:3      | Found a shimmering altar of Xom.
  2466 | D:3      | Found a bloodstained altar of Trog.
  2505 | D:3      | Reached skill level 7 in Ranged Weapons
  2948 | D:4      | Found a transporter.
  2948 | D:4      | Found a transporter.
  2948 | D:4      | Noticed rigao's ghost (novice DsNe)
  3012 | D:4      | Found an ancient bone altar of Kikubaaqudgha.
  3048 | D:4      | Found an opulent altar of Gozag.
  3178 | D:4      | Found a blossoming altar of Fedhas.
  3178 | D:4      | Found a snail-covered altar of Cheibriados.
  3333 | D:4      | Found a burning altar of Makhleb.
  3542 | D:4      | Found a hazy altar of Hepliaklqana.
  3608 | D:5      | Entered Level 5 of the Dungeon
  3610 | D:5      | Reached XP level 7. HP: 43/43 MP: 8/8
  3799 | D:5      | Reached skill level 8 in Ranged Weapons
  4280 | D:5      | Noticed Pikel
  4577 | D:4      | Killed Pikel
  4578 | D:4      | Reached skill level 5 in Fighting
  4578 | D:4      | Reached skill level 10 in Ranged Weapons
  4578 | D:4      | Reached XP level 8. HP: 48/51 MP: 7/9
  4582 | D:4      | Learned a level 3 spell: Portal Projectile
  4640 | D:5      | HP: 1/51 [ogre/+0 giant club (25)]
  5198 | D:5      | Reached skill level 1 in Translocations
  5199 | D:5      | Noticed Blork the orc
  5203 | D:5      | Killed Blork the orc
  5571 | D:6      | Reached XP level 9. HP: 55/55 MP: 12/12
  5577 | D:6      | Found a glowing golden altar of the Shining One.
  5609 | D:6      | Found a sacrificial altar of Ru.
  5692 | D:6      | Reached skill level 5 in Hexes
  6637 | D:6      | Found a runed translucent door.
  6640 | D:6      | Noticed Crazy Yiuf
  6645 | D:6      | Killed Crazy Yiuf
  6699 | D:7      | Noticed Menkaure
  6702 | D:7      | Killed Menkaure
  6717 | D:7      | Found a sand-covered staircase.
  6728 | Ossuary  | Entered an ossuary
  7189 | D:7      | Found a staircase to the Ecumenical Temple.
  7198 | Temple   | Entered the Ecumenical Temple
  7309 | Temple   | Became a worshipper of Dithmenos the Shadowed
  7325 | D:7      | Reached skill level 5 in Spellcasting
  7346 | D:7      | Reached skill level 5 in Translocations
  7346 | D:7      | Reached XP level 10. HP: 60/60 MP: 17/17
  7673 | D:7      | Found a runed translucent gate.
  7674 | D:7      | Found a runed translucent gate.
  7674 | D:7      | Noticed MoonlitKnight's ghost (novice MfGl)
  7675 | D:7      | Found a runed translucent gate.
  7676 | D:7      | Found a basalt altar of Yredelemnul.
  8575 | D:8      | Found a flagged portal.
  8575 | D:8      | Noticed Amaemon
  8597 | D:8      | Noticed an orange demon
  8638 | D:8      | Killed Amaemon
  8639 | D:8      | Reached skill level 11 in Ranged Weapons
  8642 | D:8      | Killed an orange demon
  8643 | D:8      | Reached skill level 12 in Ranged Weapons
  8654 | Bailey   | Entered a bailey
  8697 | Bailey   | Reached * piety under Dithmenos
  8767 | Bailey   | Slain by an orc warrior

Illustrated notes

Levels and vault maps discovered:
D:1:      lemuel_arrival_behind_the_door_large, layout_basic, minivault_24,
          dreamdust_wishing_well, moated_statue, minmay_hedge_maze
D:2:      layout_basic, dreamdust_ecumenical_altar_grove, eino_tiny_chamber,
          minmay_joined_circles
D:3:      layout_loops_ring, bloody_trog, mainiacjoe_overflow_tiny_flanked,
          minmay_fractal_squares_gapless_5
D:4:      layout_basic, bloody_makhleb, lemuel_crystal_altar,
          gammafunk_temple_overflow_pools, grunt_temple_overflow_open,
          gammafunk_ghost_mausoleum
D:5:      layout_cave_pools, minmay_misc_feat_x, uniq_blork_the_orc, uniq_pikel
D:6:      layout_basic, mainiacjoe_overflow_catch_the_wave,
          minmay_misc_feat_pillars, minivault_24, uniq_crazy_yiuf_cottage
D:7:      layout_rooms, nicolae_yredelemnul_ghost_church,
          minmay_temple_entry_ruins, chequers_ossuary_entry_cave,
          corexii_corridor_pit, uniq_menkaure
D:8:      layout_loops_cross, enter_bailey_5, uniq_amaemon
Temple:   hellmonk_temple_beads
Bailey:   bailey_axe_of_yendor_kennysheep, bailey

Skill      XL: |  1  2  3  4  5  6  7  8  9 10 |
---------------+-------------------------------+-----
Ranged Weapons | 3 4 5 6 7 10 12 | 12.8
Fighting       | 2 3 4 5 |  5.8
Translocations | 1 5 6 |  6.0
Spellcasting   | 2 5 6 |  6.0
Hexes          | 4 6 |  6.0
Dodging        | |  2.4

Action                   |  1- 3 |  4- 6 |  7- 9 | 10-12 || total
-------------------------+-------+-------+-------+-------++-------
Melee: Broad axe         |       |       |       |     4 ||     4
       Unarmed           |       |       |       |     1 ||     1
 Fire: Sling             |    53 |       |       |       ||    53
       Arbalest          |    22 |   109 |   186 |   110 ||   427
Evoke: Wand              |       |       |       |     1 ||     1
  Use: Scroll            |     2 |     5 |       |     2 ||     9
Armor: Robe              |    11 |     6 |    60 |    27 ||   104
Dodge: Dodged            |    60 |    31 |   188 |    55 ||   334

Table legend: (Time is in decaauts)
 A = Elapsed time spent in this place.
 B = Non-inter-level travel time spent in this place.
 C = Inter-level travel time spent in this place.
 D = Time resting spent in this place.
 E = Time spent auto-exploring this place.
 F = Levels seen in this place.
 G = Mean time per level.
                   A        B        C        D        E       F      G
               +--------+--------+--------+--------+--------+-----+--------+
         Total |   8979 |   8840 |    139 |   1720 |   4247 |  11 |  816.3 |
       Dungeon |   8324 |   8198 |    126 |   1587 |   4178 |   8 | 1040.5 |
        Temple |    124 |    111 |     13 |      0 |      8 |   1 |  124.0 |
       Ossuary |    407 |    407 |      0 |    120 |     61 |   1 |  407.0 |
        Bailey |    121 |    121 |      0 |     13 |      0 |   1 |  121.0 |
               +--------+--------+--------+--------+--------+-----+--------+

Top non-repeatable levels by time:
     D:4: 1941 daAuts
     D:6: 1295 daAuts
     D:2: 1107 daAuts
     D:7: 1080 daAuts
     D:3: 893 daAuts
     D:1: 864 daAuts
     D:5: 802 daAuts
 Ossuary: 407 daAuts
     D:8: 339 daAuts
  Temple: 124 daAuts
  Bailey: 121 daAuts
